SKY
CHICAGO CUBS @ TEXAS RANGERS
09/27/2052
 
TOP OF THE 1ST
Chicago Cubs batting - Pitching for Texas Rangers : RHP Ezra Varney
Pitching: RHP Ezra Varney
Batting: RHB Meredith Moore 0-0: Ground out 3-1 (Groundball, 34, EV 110.0 MPH)
Batting: LHB Ben Waters 0-0: Called Strike
0-1: Called Strike
0-2: DOUBLE (Flyball, 8RXD, EV 98.1 MPH)
Batting: LHB José Armijo 0-0: Called Strike
0-1: Swinging Strike
0-2: Ball
1-2: Ball
2-2: Foul Ball, location: 2LF
2-2: Foul Ball, location: 2F
2-2: Ball
3-2: Foul Ball, location: 2F
3-2: Foul Ball, location: 2F
3-2: Strikes out looking
Batting: SHB Tony Jackson 0-0: Ball
1-0: Called Strike
1-1: Called Strike
1-2: Foul Ball, location: 3DF
1-2: Fly out, F6 (Popup, 6S, EV 74.4 MPH)
Top of the 1st over - 0 runs, 1 hit, 0 errors, 1 left on base; Chicago 0 - Texas 0
BOTTOM OF THE 1ST
Texas Rangers batting - Pitching for Chicago Cubs : RHP Johnny Armour
Pitching: RHP Johnny Armour
Batting: LHB Jedediah Graves 0-0: Ball
1-0: SINGLE (Flyball, 56D, EV 93.8 MPH)
Batting: LHB Rio Matlock 0-0: Called Strike
0-1: Ball
1-1: Ball
2-1: Hit by Pitch
Jedediah Graves to second
Batting: RHB Stanley Gamble 0-0: Called Strike
0-1: Foul Ball, location: 5SF
0-2: Foul Ball, location: 9LDF
0-2: Ball
1-2: Strikes out swinging
Batting: LHB Wade Briggs 0-0: Foul Ball, location: 7LMFF
0-1: Ball
1-1: Ball
2-1: Fly out, F6 (Popup, 6MD, EV 55.0 MPH)
Batting: RHB Giosue Ceverini 0-0: Ball
1-0: Fielders Choice at 3rd, U5 (Groundball, 5, EV 87.5 MPH)
Bottom of the 1st over - 0 runs, 1 hit, 0 errors, 1 left on base; Chicago 0 - Texas 0
TOP OF THE 2ND
Chicago Cubs batting - Pitching for Texas Rangers : RHP Ezra Varney
Batting: RHB Marv Schuyler 0-0: Ball
1-0: Ball
2-0: Ball
3-0: Called Strike
3-1: Ground out 6-3 (Groundball, 56, EV 93.1 MPH)
Batting: RHB Pokey Baker 0-0: Ball
1-0: Ball
2-0: Foul Ball, location: 5F
2-1: Swinging Strike
2-2: Foul Ball, location: 3FF
2-2: Foul Ball, location: 9LDF
2-2: Ball
3-2: Fly out, F9 (Flyball, 89M, EV 88.1 MPH)
Batting: RHB Sebastian Reber 0-0: Ball
1-0: Called Strike
1-1: Ball
2-1: SINGLE (Line Drive, 9S, EV 93.1 MPH)
Batting: RHB Abel Stewart 0-0: Swinging Strike
0-1: Swinging Strike
0-2: Foul Ball, location: 7LSFF
0-2: Foul Ball, location: 9LSF
0-2: Foul Ball, location: 2F
0-2: Foul Ball, location: 3DF
0-2: Foul Ball, location: 9LDF
0-2: Ball
Sebastian Reber steals 2nd base
1-2: Foul Ball, location: 5F
1-2: Ball
2-2: Ball
3-2: Strikes out looking
Top of the 2nd over - 0 runs, 1 hit, 0 errors, 1 left on base; Chicago 0 - Texas 0
BOTTOM OF THE 2ND
Texas Rangers batting - Pitching for Chicago Cubs : RHP Johnny Armour
Batting: RHB Sebastian Carsten 0-0: Called Strike
0-1: Ball
1-1: Ball
2-1: Foul Ball, location: 2F
2-2: Ball
3-2: Ground out 5-3 (Groundball, 56, EV 102.5 MPH)
Batting: RHB Pedro Medrano 0-0: Called Strike
0-1: Called Strike
0-2: Fly out, F8 (Flyball, 8RD, EV 100.6 MPH)
Batting: SHB Juan Pedro Sánchez 0-0: Fly out, F8 (Flyball, 8LD, EV 110.6 MPH)
Bottom of the 2nd over - 0 runs, 0 hits, 0 errors, 0 left on base; Chicago 0 - Texas 0
TOP OF THE 3RD
Chicago Cubs batting - Pitching for Texas Rangers : RHP Ezra Varney
Batting: RHB Joseph Young 0-0: Called Strike
0-1: Ball
1-1: Ball
2-1: SINGLE (Line Drive, 4D, EV 98.1 MPH)
Batting: RHB Meredith Moore 0-0: Ball
1-0: Called Strike
1-1: Swinging Strike
1-2: Fly out, F7 (Line Drive, 7LS, EV 86.9 MPH)
Batting: LHB Ben Waters 0-0: Ball
1-0: Swinging Strike
1-1: Swinging Strike
1-2: Strikes out swinging
Batting: LHB José Armijo Pickoff Throw to First - Out! 1-3
Top of the 3rd over - 0 runs, 1 hit, 0 errors, 0 left on base; Chicago 0 - Texas 0
BOTTOM OF THE 3RD
Texas Rangers batting - Pitching for Chicago Cubs : RHP Johnny Armour
Batting: RHB Yanus Cartageno 0-0: Ground out 5-3 (Groundball, 5S, EV 65.0 MPH)
Batting: LHB Jedediah Graves 0-0: Called Strike
0-1: Called Strike
0-2: Ball
1-2: Ball
2-2: Strikes out looking
Batting: LHB Rio Matlock 0-0: Called Strike
0-1: Fly out, F8 (Flyball, 8LD, EV 89.4 MPH)
Bottom of the 3rd over - 0 runs, 0 hits, 0 errors, 0 left on base; Chicago 0 - Texas 0
TOP OF THE 4TH
Chicago Cubs batting - Pitching for Texas Rangers : RHP Ezra Varney
Batting: LHB José Armijo 0-0: Ball
1-0: Ball
2-0: Called Strike
2-1: Called Strike
2-2: Strikes out swinging
Batting: SHB Tony Jackson 0-0: Ball
1-0: Swinging Strike
1-1: Foul Ball, location: 3F
1-2: Strikes out swinging
Batting: RHB Marv Schuyler 0-0: Ball
1-0: Ground out 5-3 (Groundball, 5S, EV 86.9 MPH)
Top of the 4th over - 0 runs, 0 hits, 0 errors, 0 left on base; Chicago 0 - Texas 0
BOTTOM OF THE 4TH
Texas Rangers batting - Pitching for Chicago Cubs : RHP Johnny Armour
Batting: RHB Stanley Gamble 0-0: Ball
1-0: Foul Ball, location: 25F
1-1: Foul Ball, location: 5SF
1-2: Fly out, F8 (Flyball, 89M, EV 91.9 MPH)
Batting: LHB Wade Briggs 0-0: Foul Ball, location: 2F
0-1: Foul Ball, location: 7LMF
0-2: Foul Ball, location: 9LMFF
0-2: Ball
1-2: Foul Ball, location: 2F
1-2: Foul Ball, location: 7LMF
1-2: Ground out 4-3 (Groundball, 4, EV 110.0 MPH)
Batting: RHB Giosue Ceverini 0-0: Fly out, F8 (Flyball, 8RM, EV 89.4 MPH)
Bottom of the 4th over - 0 runs, 0 hits, 0 errors, 0 left on base; Chicago 0 - Texas 0
TOP OF THE 5TH
Chicago Cubs batting - Pitching for Texas Rangers : RHP Ezra Varney
Batting: RHB Pokey Baker 0-0: Ball
1-0: Ball
2-0: Ground out 3-1 (Groundball, 34, EV 83.1 MPH)
Batting: RHB Sebastian Reber 0-0: Ball
1-0: Ball
2-0: Foul Ball, location: 5FF
2-1: Foul Ball, location: 9LDF
2-2: Ball
3-2: Ground out 4-3 (Groundball, 4, EV 83.1 MPH)
Batting: RHB Abel Stewart 0-0: Called Strike
0-1: Ball
1-1: Ball
2-1: Foul Ball, location: 5F
2-2: Foul Ball, location: 2F
2-2: Foul Ball, location: 3DF
2-2: Ball
3-2: Strikes out swinging, 2-3 out at first.
Top of the 5th over - 0 runs, 0 hits, 0 errors, 0 left on base; Chicago 0 - Texas 0
BOTTOM OF THE 5TH
Texas Rangers batting - Pitching for Chicago Cubs : RHP Johnny Armour
Batting: RHB Sebastian Carsten 0-0: Ball
1-0: Ball
2-0: Swinging Strike
2-1: Called Strike
2-2: Ball
3-2: Base on Balls
Batting: RHB Pedro Medrano 0-0: Ball
1-0: Bunted foul
1-1: Sac Bunt to 3S - play at first, batter OUT! 3-4
Sebastian Carsten to second
Batting: SHB Juan Pedro Sánchez 0-0: Called Strike
0-1: Foul Ball, location: 7LSF
0-2: SINGLE (Line Drive, 9S, EV 91.9 MPH)
Sebastian Carsten to third
Batting: RHB Yanus Cartageno 0-0: Ball
1-0: Grounds into double play, 1-6-3 (Groundball, 34S, EV 66.9 MPH)
Bottom of the 5th over - 0 runs, 1 hit, 0 errors, 1 left on base; Chicago 0 - Texas 0
TOP OF THE 6TH
Chicago Cubs batting - Pitching for Texas Rangers : RHP Ezra Varney
Batting: RHB Joseph Young 0-0: Ground out 5-3 (Groundball, 56, EV 107.5 MPH)
Batting: RHB Meredith Moore 0-0: SINGLE (Line Drive, 7S, EV 109.4 MPH)
Batting: LHB Ben Waters Balk!
Meredith Moore to second
0-0: Called Strike
0-1: Ball
1-1: Swinging Strike
1-2: Ball
2-2: Ball
3-2: DOUBLE (Groundball, 3L, EV 105.0 MPH)
Meredith Moore scores
Pitching: LHP Malachi Levi
Batting: LHB José Armijo 0-0: Foul Ball, location: 9LDF
0-1: Ball
1-1: Ball
2-1: Ground out 4-3 (Groundball, 4MD, EV 104.4 MPH)
Batting: SHB Tony Jackson 0-0: Called Strike
0-1: Ball
1-1: Ball
2-1: Ground out 4-3 (Groundball, 34, EV 81.9 MPH)
Top of the 6th over - 1 run, 2 hits, 0 errors, 1 left on base; Chicago 1 - Texas 0
BOTTOM OF THE 6TH
Texas Rangers batting - Pitching for Chicago Cubs : RHP Johnny Armour
Batting: LHB Jedediah Graves 0-0: Swinging Strike
0-1: Foul Ball, location: 2F
0-2: Ball
1-2: SINGLE (Groundball, 6MS, EV 65.0 MPH) (infield hit)
Batting: LHB Rio Matlock 0-0: Ball
Wild Pitch!
Jedediah Graves to second
1-0: DOUBLE (Line Drive, 7LM, EV 95.0 MPH)
Jedediah Graves scores
Batting: RHB Stanley Gamble 0-0: Called Strike
0-1: Called Strike
0-2: Ball
1-2: Fly out, F9 (Flyball, 9, EV 78.1 MPH)
Batting: LHB Wade Briggs 0-0: Intentional Walk
Batting: RHB Giosue Ceverini 0-0: SINGLE (Line Drive, 34D, EV 97.5 MPH)
Rio Matlock to third
Wade Briggs to second
Runner from 3rd tries for Home, SAFE, throw by RF to home
Batting: RHB Sebastian Carsten 0-0: Called Strike
0-1: Foul Ball, location: 23F
0-2: Foul Ball, location: 5FF
0-2: Ball
1-2: Foul Ball, location: 2F
1-2: Ball
2-2: Foul Ball, location: 2F
2-2: Foul Ball, location: 9LMF
2-2: SINGLE (Groundball, 3D, EV 98.1 MPH)
Wade Briggs to third
Giosue Ceverini to second
Batting: RHB Pedro Medrano 0-0: Foul Ball, location: 23F
0-1: Fly out, F7 (Flyball, 78M, EV 97.5 MPH)
Throwing error, E7
Wade Briggs scores
Giosue Ceverini to third
Sebastian Carsten to second
Batting: SHB Juan Pedro Sánchez 0-0: Swinging Strike
0-1: Ball
1-1: Ball
2-1: Ball
3-1: Ground out 4-3 (Groundball, 4, EV 80.6 MPH)
Bottom of the 6th over - 3 runs, 4 hits, 1 error, 2 left on base; Chicago 1 - Texas 3
TOP OF THE 7TH
Chicago Cubs batting - Pitching for Texas Rangers : LHP Malachi Levi
Batting: RHB Marv Schuyler 0-0: Ground out 5-3 (Groundball, 56S, EV 81.9 MPH)
Batting: RHB Pokey Baker 0-0: Ball
1-0: Called Strike
1-1: Foul Ball, location: 5FF
1-2: Ball
2-2: Ground out 5-3 (Groundball, 5, EV 78.1 MPH)
Batting: RHB Sebastian Reber 0-0: Called Strike
0-1: Ground out 4-3 (Groundball, 4D, EV 84.4 MPH)
Top of the 7th over - 0 runs, 0 hits, 0 errors, 0 left on base; Chicago 1 - Texas 3
BOTTOM OF THE 7TH
Texas Rangers batting - Pitching for Chicago Cubs : RHP Johnny Armour
Batting: RHB Yanus Cartageno 0-0: Ball
1-0: Ball
2-0: Ball
3-0: Called Strike
3-1: Called Strike
3-2: Foul Ball, location: 2F
3-2: Base on Balls
Batting: LHB Jedediah Graves 0-0: Sac Bunt to 15S - play at first, batter OUT! 1-3
Yanus Cartageno to second
Batting: LHB Rio Matlock 0-0: Ball
1-0: Ground out 4-3 (Groundball, 4, EV 97.5 MPH)
Yanus Cartageno to third
Pitching: RHP Andrew Christopher
Batting: RHB Stanley Gamble 0-0: Ball
1-0: Foul Ball, location: 9LMFF
1-1: Ball
2-1: Ground out 6-3 (Groundball, 56, EV 106.9 MPH)
Bottom of the 7th over - 0 runs, 0 hits, 0 errors, 1 left on base; Chicago 1 - Texas 3
TOP OF THE 8TH
Chicago Cubs batting - Pitching for Texas Rangers : LHP Malachi Levi
Batting: RHB Abel Stewart 0-0: Ball
1-0: Ball
2-0: Swinging Strike
2-1: Foul Ball, location: 5F
2-2: Foul Ball, location: 23F
2-2: DOUBLE (Line Drive, 9LM, EV 107.5 MPH)
Pinch Hitting: RHB Jonah Daley 0-0: Ground out 4-3 (Groundball, 4, EV 106.3 MPH)
Abel Stewart to third
Batting: RHB Meredith Moore 0-0: Foul Ball, location: 7LMFF
0-1: Foul Ball, location: 7LSFF
0-2: Ball
1-2: SINGLE (Groundball, 56, EV 108.8 MPH)
Abel Stewart scores
Batting: LHB Ben Waters 0-0: Ball
1-0: Called Strike
1-1: Called Strike
1-2: Ball
2-2: Ball
3-2: SINGLE (Groundball, 4D, EV 100.0 MPH)
Meredith Moore to second
Runner from 2nd tries for 3rd, SAFE, throw by CF made to third
Batting: LHB José Armijo 0-0: Called Strike
0-1: Foul Ball, location: 2F
0-2: Ball
1-2: Ball
2-2: Reached on error, E3 (Groundball, 3S, EV 70.6 MPH)
Meredith Moore scores
Ben Waters to second
Pinch Runner at 2nd Edgar Sablich:
Pinch Hitting: RHB Lincoln Richards 0-0: Ball
1-0: Ball
2-0: Grounds into double play, 6-4-3 (Groundball, 6, EV 105.0 MPH)
Top of the 8th over - 2 runs, 3 hits, 1 error, 1 left on base; Chicago 3 - Texas 3
BOTTOM OF THE 8TH
Texas Rangers batting - Pitching for Chicago Cubs : RHP Andrew Christopher
Pitching: RHP Brayan Juratovac
Now at C: Lincoln Richards
Now at 1B: John McGalliard
Now at SS: Jonah Daley
Batting: LHB Wade Briggs 0-0: Ball
1-0: Called Strike
1-1: Ball
2-1: SINGLE (Groundball, 6MD, EV 103.1 MPH)
Batting: RHB Giosue Ceverini 0-0: Ball
1-0: Foul Ball, location: 3F
1-1: Swinging Strike
1-2: Fly out, F8 (Flyball, 8LM, EV 79.4 MPH)
Batting: RHB Sebastian Carsten 0-0: Ball
1-0: Swinging Strike
1-1: Fly out, F5 (Popup, 5F, EV 68.8 MPH)
Batting: RHB Pedro Medrano 0-0: Ball
1-0: Ball
2-0: Ball
3-0: Called Strike
3-1: Fly out, F6 (Popup, 6M, EV 53.1 MPH)
Bottom of the 8th over - 0 runs, 1 hit, 0 errors, 1 left on base; Chicago 3 - Texas 3
TOP OF THE 9TH
Chicago Cubs batting - Pitching for Texas Rangers : LHP Malachi Levi
Batting: RHB Marv Schuyler 0-0: Fly out, F5 (Popup, 56, EV 63.8 MPH)
Batting: RHB Pokey Baker 0-0: Foul Ball, location: 3FF
0-1: Foul Ball, location: 9LDF
0-2: Ball
1-2: Ball
2-2: Fly out, F7 (Flyball, 7, EV 93.1 MPH)
Batting: RHB Sebastian Reber 0-0: Called Strike
0-1: Foul Ball, location: 2F
0-2: Foul Ball, location: 2LF
0-2: Strikes out looking
Top of the 9th over - 0 runs, 0 hits, 0 errors, 0 left on base; Chicago 3 - Texas 3
BOTTOM OF THE 9TH
Texas Rangers batting - Pitching for Chicago Cubs : RHP Brayan Juratovac
Batting: SHB Juan Pedro Sánchez 0-0: Ball
1-0: Ground out U3 (Groundball, 3, EV 82.5 MPH)
Batting: RHB Yanus Cartageno 0-0: Called Strike
0-1: Ground out U3 (Groundball, 34S, EV 85.6 MPH)
Batting: LHB Jedediah Graves 0-0: Foul Ball, location: 2F
0-1: Foul Ball, location: 3SF
0-2: Ball
1-2: Foul Ball, location: 23FF
1-2: Strikes out swinging, 2-3 out at first.
Bottom of the 9th over - 0 runs, 0 hits, 0 errors, 0 left on base; Chicago 3 - Texas 3
TOP OF THE 10TH
Chicago Cubs batting - Pitching for Texas Rangers : LHP Malachi Levi
Pitching: LHP Bobby Walker
Batting: RHB Abel Stewart 0-0: Foul Ball, location: 2F
0-1: Ball
1-1: Ball
2-1: Foul Ball, location: 2F
2-2: Foul Ball, location: 5FF
2-2: Ball
3-2: Foul Ball, location: 2F
3-2: SOLO HOME RUN (Flyball, 89XD, EV 103.1 MPH), Distance : 412 ft
Batting: RHB Jonah Daley 0-0: Ball
1-0: Called Strike
1-1: Called Strike
1-2: Ball
2-2: Foul Ball, location: 2F
2-2: Foul Ball, location: 9LMF
2-2: Strikes out swinging
Batting: RHB Meredith Moore 0-0: Foul Ball, location: 2F
0-1: Foul Ball, location: 23F
0-2: Ball
1-2: Ground out 4-3 (Groundball, 4S, EV 89.4 MPH)
Batting: RHB John McGalliard 0-0: Called Strike
0-1: Fly out, F9 (Flyball, 9D, EV 93.1 MPH)
Top of the 10th over - 1 run, 1 hit, 0 errors, 0 left on base; Chicago 4 - Texas 3
BOTTOM OF THE 10TH
Texas Rangers batting - Pitching for Chicago Cubs : RHP Brayan Juratovac
Batting: LHB Rio Matlock 0-0: Ball
1-0: Ball
2-0: SINGLE (Line Drive, 8RS, EV 110.0 MPH)
Batting: RHB Stanley Gamble 0-0: Ball
1-0: Ball
2-0: Called Strike
2-1: Ball
3-1: Called Strike
3-2: Foul Ball, location: 9LSF
3-2: Strikes out swinging
Pitching: LHP Erminio Tomsjansen
Batting: LHB Wade Briggs 0-0: Ball
1-0: Called Strike
1-1: Foul Ball, location: 2F
1-2: Fly out, F7 (Flyball, 7D, EV 90.6 MPH)
Batting: RHB Giosue Ceverini 0-0: Ground out U3 (Groundball, 34S, EV 76.9 MPH)
Bottom of the 10th over - 0 runs, 1 hit, 0 errors, 1 left on base; Chicago 4 - Texas 3
Thursday, May 9th , 2024 - OOTP Baseball 24.11 Build 85